 Dungeon Crawl Stone Soup version 0.25.1-8-g42b30a86e7 (webtiles) character file.

Game seed: 935869296787310282

109133 pokeman the Sorcerer (level 16, -13/92 HPs)
             Began as a Deep Elf Wizard on Dec 19, 2020.
             Was the Champion of Vehumet.
             Killed from afar by Louise (33 damage)
             ... with a stone arrow
             ... on level 1 of the Shoals.
             The game lasted 01:48:48 (31511 turns).

pokeman the Sorcerer (Deep Elf Wizard)             Turns: 31511, Time: 01:48:49

Health: -13/92     AC: 15    Str:  4    XL:     16   Next: 4%
Magic:  31/52      EV: 12    Int: 31    God:    Vehumet [******]
Gold:   1569       SH:  5    Dex: 13    Spells: 24/58 levels left

rFire    + . .     SeeInvis +   w - staff of wizardry
rCold    x . .     Gourm    .   H - +0 buckler
rNeg     . . .     Faith    +   Z - +0 troll leather armour
rPois    .         Spirit   .   N - +2 helmet {SInv}
rElec    .         Reflect  .   D - +2 cloak
rCorr    .         Harm     .   P - +0 pair of gloves
MR       +....                  u - +1 pair of boots
Stlth    ++........             l - amulet of faith
HPRegen  0.65/turn              g - ring of fire
MPRegen  0.33/turn              O - ring of magical power

@: no status effects
A: no striking features
a: Renounce Religion


You were on level 1 of the Shoals.
You worshipped Vehumet.
Vehumet was exalted by your worship.
You were not hungry.

You visited 5 branches of the dungeon, and saw 25 of its levels.
You also visited: Ice Cave.

You collected 1882 gold pieces.
You spent 313 gold pieces at shops.

Inventory:

Hand Weapons
 b - a +2 demon trident of venom
 n - the +2 long sword "Transmigrator" {vorpal, MP+9 Int+2}
   (You found it on level 4 of the Lair of Beasts)

   It inflicts extra damage upon your enemies.
   It affects your intelligence (+2).
   It affects your magic capacity (+9).
 T - the +3 dagger of Arrival {flame, +Inv rF+}
   (You took it off an orc warrior on level 11 of the Dungeon)

   It has been specially enchanted to burn those struck by it, causing extra
   injury to most foes and up to half again as much damage against particularly
   susceptible opponents.
   It protects you from fire.
   It lets you turn invisible.
 U - a +0 shortbow
Missiles
 j - 269 bolts
 V - 317 arrows
Armour
 u - a +1 pair of boots (worn)
 C - +0 fire dragon scales
 D - a +2 cloak (worn)
 H - a +0 buckler (worn)
 N - a +2 helmet of see invisible (worn)
 P - a +0 pair of gloves (worn)
 Z - a +0 troll leather armour (worn)
Magical Staves
 c - an uncursed staff of air
 w - an uncursed staff of wizardry (weapon)
 y - an uncursed staff of cold
Jewellery
 a - a cursed amulet of inaccuracy {unknown}
 g - a ring of fire (left hand)
 l - an amulet of faith (around neck)
 B - an uncursed ring of wizardry
 O - a ring of magical power (right hand)
Wands
 v - a wand of disintegration (17)
 z - a wand of paralysis (8)
 K - a wand of acid (1)
Scrolls
 f - 2 scrolls of enchant armour
 i - 12 scrolls of remove curse
 m - 7 scrolls of identify
 p - a scroll of summoning
 q - 2 scrolls of silence
 r - 5 scrolls of amnesia
 t - 5 scrolls of blinking
 A - a scroll of enchant weapon
 E - a scroll of holy word {unknown}
 F - 16 scrolls of teleportation
 I - 2 scrolls of magic mapping
Potions
 e - 10 potions of curing
 h - a potion of flight
 k - 3 potions of brilliance
 o - 2 potions of heal wounds
 s - a potion of haste {unknown}
 x - a potion of stabbing
 J - a potion of magic
Miscellaneous
 X - a tin of tremorstones (3/3)
Comestibles
 d - 53 rations


   Skills:
 + Level 7.5 Fighting
 - Level 7.0 Armour
 - Level 3.0 Dodging
 - Level 4.0 Stealth
 - Level 4.0 Shields
 * Level 21.9 Spellcasting
 + Level 14.0 Conjurations
 - Level 1.1 Summonings
 - Level 1.1 Translocations
 + Level 13.4 Fire Magic
 - Level 1.0 Ice Magic
 - Level 1.3 Air Magic
 - Level 2.0 Earth Magic
 - Level 1.0 Poison Magic
 - Level 2.0 Evocations


You had 24 spell levels left.
You knew the following spells:

 Your Spells              Type           Power        Failure   Level  Hunger
a - Magic Dart            Conj           ####         0%          1    None
b - Mephitic Cloud        Conj/Pois/Air  ######..     1%          3    None
c - Call Imp              Summ           #####...     1%          2    None
d - Blink                 Tloc           N/A          1%          2    None
e - Conjure Flame         Conj/Fire      ########     0%          3    None
f - Fireball              Conj/Fire      ########..   1%          5    None
g - Shock                 Conj/Air       ####         1%          1    None
h - Freezing Cloud        Conj/Ice/Air   ######....   3%          6    None
i - Starburst             Conj/Fire      ########..   1%          6    None
j - Bolt of Magma         Conj/Fire/Erth #######...   1%          5    None

Your spell library contained the following spells:

 Spells                   Type           Power        Failure   Level  Hunger
 Conjure Ball Lightning   Conj/Air       ######....   1%          6    None
 Searing Ray              Conj           ######       0%          2    None
 Animate Skeleton         Necr           N/A          1%          1    None
 Corona                   Hex            ####...      1%          1    None
 Pain                     Necr           ####         1%          1    None
 Summon Small Mammal      Summ           ####         1%          1    None
 Ensorcelled Hibernation  Hex/Ice        #####.       1%          2    None
 Slow                     Hex            ####....     1%          2    None
 Call Canine Familiar     Summ           #####...     1%          3    None
 Confusing Touch          Hex            ####....     1%          3    None
 Dazzling Flash           Conj/Hex       ######       1%          3    None
 Inner Flame              Hex/Fire       #######.     1%          3    None
 Portal Projectile        Hex/Tloc       #####.       1%          3    None
 Summon Guardian Golem    Hex/Summ       #####...     1%          3    None
 Tukima's Dance           Hex            ####....     1%          3    None
 Vampiric Draining        Necr           ####......   1%          3    None
 Fulminant Prism          Conj/Hex       ######....   1%          4    None
 Iskenderun's Mystic Bla  Conj/Tloc      ######..     1%          4    None
 Leda's Liquefaction      Hex/Erth       #####.....   4%          4    None
 Summon Ice Beast         Ice/Summ       #####...     4%          4    None
 Summon Lightning Spire   Summ/Air       #####...     4%          4    None
 Ice Form                 Ice/Tmut       #####...     5%          4    None
 Animate Dead             Necr           N/A          6%          4    None
 Cause Fear               Hex            ####......   6%          4    None
 Metabolic Englaciation   Hex/Ice        #####.....   14%         5    None
 Agony                    Necr           ####....     17%         5    None
 Ozocubu's Refrigeration  Ice            #####.....   17%         6    None
 Simulacrum               Ice/Necr       #####.....   58%         6    None


Dungeon Overview and Level Annotations

Branches:
Dungeon (15/15)            Temple (1/1) D:7            Lair (6/6) D:10
 Shoals (1/4) Lair:4       Spider (0/4) Lair:4        Slime (0/5) Lair:6
    Orc (2/2) D:11         Vaults (0/5) D:14         Depths (0/5) D:15
  IceCv (visited)
    Elf: Orc:2

Altars:
Ashenzari
Cheibriados
Dithmenos
Elyvilon
Fedhas
Gozag
Hepliaklqana
Kikubaaqudgha
Makhleb
Nemelex Xobeh
Okawaru
Qazlal
Ru
Sif Muna
Trog
Uskayaw
Vehumet
Wu Jian
Xom
Yredelemnul
Zin
The Shining One

Shops:
D:4 !   D:8 (?=}?   D:10 (   D:15 *

Annotations:
D:11 Gold behind rock, 2 transporters
Shoals:1 Louise
Orc:2 Nessos, Saint Roka


Message History

The fireball engulfs the alligator snapping turtle!!!
You kill the alligator snapping turtle!
Vehumet accepts your kill.
You feel your power returning.
Your Conjurations skill increases to level 14!
You hear an angry hiss.
A sea snake comes into view.
The merfolk javelineer throws a silver javelin.
The silver javelin pierces through you!
* * * LOW HITPOINT WARNING * * *
x2 A water elemental comes into view.
Unknown command.
The sea snake hisses angrily.
The merfolk javelineer throws a silver javelin.
The silver javelin completely misses you.
There is a staircase back to the Lair here.
You see here 5 silver javelins.
Louise gestures at you while chanting. The stone arrow hits you!!
You die...

≈≈≈≈≈.≈
≈≈≈≈≈≈≈≈.
..≈≈≈≈≈≈.
..≈≈≈≈≈.. ≈E
#.≈≈≈≈t>. ≈≈≈.
##.≈≈≈≈.#
≈≈≈§.##..≈≈≈≈.#
≈≈≈§§S.@.≈≈≈.?#
≈≈≈≈..........#
≈≈≈≈≈≈.....###m.
≈≈≈≈≈≈≈....#
≈≈≈≈≈≈≈≈≈..@.
..≈≈≈≈..≈≈...≈
...≈≈≈....≈.≈≈≈≈
.#.≈.≈....≈.≈≈≈≈
......#..≈≈≈≈≈≈


You could see Louise, a merfolk javelineer, a sea snake and a snapping turtle.

Vanquished Creatures
  Rupert (Lair:4)
  Kirke (Lair:5)
  A dire elephant (Lair:6)
  A fire dragon (Lair:6)
  Josephine (D:12)
  9 hydras
  3 catoblepae
  Harold (D:8)
  9 two-headed ogres
  3 centaur warriors
  An alligator snapping turtle (Shoals:1)
  2 ogre magi
  2 dancing weapons (D:14)
  9 death yaks
  Urug (D:12)
  5 skeletal warriors (D:15)
  2 unseen horrors
  4 wizards
  7 deep elf magi
  A swamp dragon (Lair:6)
  A necromancer (IceCv)
  2 orc knights (D:11)
  5 lindwurms
  5 cyclopes
  8 ugly things
  2 manticores (Lair:6)
  A merfolk siren (Shoals:1)
  An elephant (shapeshifter) (D:11)
  21 elephants
  3 ice statues (IceCv)
  2 black mambas
  6 spiny frogs
  2 gargoyles
  A torpor snail (Lair:6)
  7 rime drakes
  A freezing wraith (D:15)
  5 komodo dragons
  8 trolls
  7 ice devils (IceCv)
  A queen bee (Lair:1)
  A polar bear (Lair:2)
  4 hornets
  Prince Ribbit (Lair:3)
  27 blink frogs
  2 dream sheep (Lair:6)
  10 slime creatures
  A snapping turtle (Lair:4)
  7 hippogriffs
  2 shadows
  Sigmund (D:5)
  2 vampires (D:15)
  3 spriggans
  5 wyverns
  4 hogs
  5 wraiths
  5 basilisks
  A hungry ghost (D:12)
  39 yaks
  6 vampire mosquitoes
  A steam dragon (Lair:3)
  2 wargs
  Menkaure (D:4)
  4 acid dragons
  A soldier ant (D:12)
  7 water moccasins
  10 porcupines
  10 orc warriors
  4 sky beasts
  3 swamp drakes (Lair:6)
  3 black bears
  A hornet zombie (D:11)
  14 ice beasts
  4 phantoms
  45 wolves
  2 eyes of draining (D:11)
  11 ogres
  10 centaurs
  15 crocodiles
  5 big kobolds
  22 bullfrogs
  A gnoll sergeant (D:11)
  A wyvern skeleton (D:10)
  A water moccasin skeleton (D:11)
  3 scorpions
  38 killer bees
  8 wights
  11 howler monkeys
  5 bullfrog zombies
  11 crimson imps
  5 centaur zombies
  2 quasits
  9 hounds
  3 draconian simulacra (IceCv)
  A bullfrog skeleton (D:6)
  A gnoll shaman (D:9)
  12 orc priests
  Crazy Yiuf (D:6)
  13 jellies
  3 centaur skeletons
  4 iguanas
  12 orc wizards
  6 worker ants
  3 centaur simulacra (IceCv)
  3 hound skeletons
  A mummy (D:4)
  11 gnolls
  10 adders
  4 naga simulacra (IceCv)
  2 shadow imps (D:5)
  3 adder skeletons
  7 worms
  A dart slug (D:3)
  3 leopard geckos
  36 orcs
  2 giant cockroaches
  10 goblins
  12 hobgoblins
  10 jackals
  20 kobolds
  6 quokkas
  9 bats
  4 frilled lizards
  A jackal skeleton (D:5)
  A leopard gecko skeleton (D:9)
  5 rats
  A bush (Lair:6)
  9 fungi
  19 plants
798 creatures vanquished.

Vanquished Creatures (collateral kills)
  A killer bee (D:13)
1 creature vanquished.

Vanquished Creatures (others)
  10 fungi
  8 plants
18 creatures vanquished.

Grand Total: 817 creatures vanquished

Notes
Turn   | Place    | Note
-------+----------+-------------------------------------------
     0 | D:1      | pokeman the Deep Elf Wizard began the quest for the Orb.
     0 | D:1      | Reached XP level 1. HP: 10/10 MP: 7/7
   289 | D:1      | Reached XP level 2. HP: 16/16 MP: 4/9
  1155 | D:2      | Reached skill level 5 in Spellcasting
  1332 | D:2      | Reached XP level 3. HP: 20/20 MP: 4/11
  1337 | D:2      | Learned a level 3 spell: Mephitic Cloud
  1340 | D:2      | Learned a level 2 spell: Call Imp
  1343 | D:2      | Learned a level 2 spell: Blink
  1347 | D:2      | Learned a level 3 spell: Conjure Flame
  1833 | D:2      | Reached skill level 1 in Fighting
  1833 | D:2      | Reached skill level 1 in Armour
  2079 | D:3      | Reached XP level 4. HP: 8/25 MP: 5/13
  2785 | D:3      | Reached skill level 1 in Fire Magic
  2986 | D:3      | Reached skill level 6 in Spellcasting
  3140 | D:3      | Found a shimmering blue altar of Sif Muna.
  3142 | D:3      | Found a stormy altar of Qazlal.
  3148 | D:3      | Found a glowing golden altar of the Shining One.
  3155 | D:3      | Found an iron altar of Okawaru.
  3257 | D:4      | Reached XP level 5. HP: 18/29 MP: 8/15
  3391 | D:4      | Noticed Menkaure
  3404 | D:4      | Killed Menkaure
  3404 | D:4      | Reached skill level 1 in Air Magic
  3404 | D:4      | Reached XP level 6. HP: 18/34 MP: 2/17
  3577 | D:4      | Reached skill level 1 in Shields
  3598 | D:4      | Reached skill level 7 in Spellcasting
  3721 | D:4      | Found Lurphu Carph's Distillery.
  3774 | D:4      | Bought a potion of degeneration for 12 gold pieces
  3774 | D:4      | Bought a potion of curing for 36 gold pieces
  4042 | D:4      | Reached skill level 1 in Poison Magic
  4260 | D:5      | Entered Level 5 of the Dungeon
  4271 | D:5      | Noticed a troll
  4287 | D:5      | Killed a troll
  4287 | D:5      | Reached XP level 7. HP: 4/38 MP: 10/20
  4635 | D:5      | Reached skill level 8 in Spellcasting
  5137 | D:5      | Noticed Sigmund
  5175 | D:5      | Killed Sigmund
  5175 | D:5      | Reached skill level 9 in Spellcasting
  5175 | D:5      | Reached XP level 8. HP: 9/43 MP: 9/23
  5585 | D:5      | Found a basalt altar of Yredelemnul.
  6183 | D:6      | Reached skill level 5 in Conjurations
  6461 | D:6      | Reached skill level 10 in Spellcasting
  6577 | D:6      | Found a runed translucent door.
  6578 | D:6      | Noticed Crazy Yiuf
  6603 | D:6      | Killed Crazy Yiuf
  7071 | D:6      | Found an ancient bone altar of Kikubaaqudgha.
  7272 | D:7      | Found a staircase to the Ecumenical Temple.
  7281 | Temple   | Entered the Ecumenical Temple
  7317 | Temple   | Became a worshipper of Vehumet
  7364 | D:7      | Noticed a hippogriff
  7376 | D:7      | Killed a hippogriff
  7376 | D:7      | Reached skill level 1 in Evocations
  7376 | D:7      | Reached XP level 9. HP: 47/48 MP: 23/25
  7573 | D:7      | Found a burning altar of Makhleb.
  8069 | D:8      | Found Deixzo's Magic Scroll Emporium.
  8077 | D:8      | Bought a scroll of magic mapping for 42 gold pieces
  8077 | D:8      | Bought a scroll of identify for 24 gold pieces
  8077 | D:8      | Bought a scroll of fog for 24 gold pieces
  8077 | D:8      | Bought a scroll of teleportation for 36 gold pieces
  8077 | D:8      | Bought a scroll of amnesia for 42 gold pieces
  8209 | D:8      | Found Saludoeh's Gadget Shop.
  8303 | D:8      | Reached skill level 11 in Spellcasting
  8323 | D:8      | Noticed Harold
  8451 | D:8      | Killed Harold
  8679 | D:8      | Reached skill level 5 in Fire Magic
  8740 | D:8      | Reached * piety under Vehumet
  8740 | D:8      | Offered knowledge of Shock by Vehumet.
  8743 | D:8      | Learned a level 1 spell: Shock
  8779 | D:8      | Reached skill level 12 in Spellcasting
  9421 | D:8      | Reached XP level 10. HP: 41/53 MP: 21/28
  9607 | D:8      | Found Pimuul's Magic Scroll Shoppe.
  9622 | D:8      | Bought a scroll of fear for 45 gold pieces
  9622 | D:8      | Bought a scroll of remove curse for 39 gold pieces
  9622 | D:8      | Bought a scroll of noise for 13 gold pieces
  9664 | D:8      | Found Goufatob's Weapon Shoppe.
  9739 | D:8      | Noticed a two-headed ogre
  9769 | D:8      | Killed a two-headed ogre
  9841 | D:8      | Found Doedwaj's Jewellery Emporium.
 10052 | D:9      | Reached ** piety under Vehumet
 10052 | D:9      | Offered knowledge of Searing Ray by Vehumet.
 10448 | D:9      | Offered knowledge of Inner Flame by Vehumet.
 10458 | D:9      | Reached skill level 13 in Spellcasting
 11063 | D:10     | Entered Level 10 of the Dungeon
 11238 | D:10     | Reached *** piety under Vehumet
 11537 | D:10     | Noticed a gargoyle
 11570 | D:10     | Killed a gargoyle
 11843 | D:10     | Noticed a two-headed ogre
 11885 | D:10     | Killed a two-headed ogre
 11885 | D:10     | Reached XP level 11. HP: 43/60 MP: 2/30
 12037 | D:10     | Reached skill level 14 in Spellcasting
 12069 | D:10     | Offered knowledge of Hailstorm by Vehumet.
 12097 | D:10     | Found a staircase to the Lair.
 12582 | D:10     | Found Byci's Antique Weapon Boutique.
 13479 | D:11     | Reached **** piety under Vehumet
 13577 | D:11     | Offered knowledge of Lightning Bolt by Vehumet.
 13585 | D:11     | Found a staircase to the Orcish Mines.
 13782 | D:11     | Noticed a green ugly thing
 13782 | D:11     | Identified the +3 dagger of Arrival {flame, +Inv rF+}
 13805 | D:11     | Killed a green ugly thing
 13879 | D:11     | Found the +8 demon trident "Rift" {distort, reach+}
 13896 | D:11     | Found a transporter.
 13908 | D:11     | Found a transporter.
 13919 | D:11     | Identified the +6 dire flail "Fuw Jonko" {distort, rPois
                  | rC- rN+++}
 14112 | D:11     | Noticed a deep elf mage
 14113 | D:11     | Found a runed translucent door.
 14113 | D:11     | Noticed an orc knight
 14114 | D:11     | Found a runed translucent door.
 14130 | D:11     | Noticed a wizard
 14139 | D:11     | Noticed an ogre mage
 14140 | D:11     | Noticed a centaur warrior
 14144 | D:11     | Identified the +3 great sword of the Hall of Blades {flame,
                  | +Inv rC- Int+9}
 14144 | D:11     | Noticed a wizard
 14148 | D:11     | Killed an ogre mage
 14150 | D:11     | Killed a wizard
 14150 | D:11     | Reached skill level 15 in Spellcasting
 14152 | D:11     | Noticed a catoblepas
 14153 | D:11     | Killed a centaur warrior
 14159 | D:11     | Killed a catoblepas
 14165 | D:11     | Killed a wizard
 14291 | D:11     | Found a runed translucent door.
 14291 | D:11     | Found a runed translucent door.
 14291 | D:11     | Noticed an orc knight
 14311 | D:11     | Found a runed translucent door.
 14576 | D:11     | Learned a level 6 spell: Freezing Cloud
 14868 | D:12     | Noticed Urug
 15116 | D:12     | Noticed a cyan ugly thing
 15133 | D:12     | HP: 1/62 [cyan ugly thing (12)]
 15136 | D:12     | Killed a cyan ugly thing
 15143 | D:12     | Reached skill level 1 in Ice Magic
 15261 | D:12     | Reached ***** piety under Vehumet
 15475 | D:12     | Offered knowledge of Lee's Rapid Deconstruction by Vehumet.
 15564 | D:12     | Reached XP level 12. HP: 38/67 MP: 23/33
 15854 | D:12     | Killed Urug
 16144 | D:12     | Noticed a two-headed ogre
 16160 | D:12     | Killed a two-headed ogre
 16160 | D:12     | Reached skill level 5 in Fighting
 16160 | D:12     | Reached skill level 16 in Spellcasting
 16522 | D:12     | Reached skill level 10 in Conjurations
 16675 | D:12     | Noticed Josephine
 16694 | D:12     | Killed Josephine
 18149 | D:13     | Offered knowledge of Fireball by Vehumet.
 18158 | D:13     | Learned a level 5 spell: Fireball
 18520 | D:11     | Reached skill level 17 in Spellcasting
 18798 | D:11     | Noticed a rakshasa
 18851 | Lair:1   | Entered Level 1 of the Lair of Beasts
 18852 | Lair:1   | Reached skill level 10 in Fire Magic
 18945 | Lair:1   | Reached XP level 13. HP: 58/72 MP: 20/36
 19735 | Lair:1   | Reached skill level 5 in Armour
 20127 | Lair:2   | Offered knowledge of Spellforged Servitor by Vehumet.
 20955 | Lair:3   | Reached skill level 18 in Spellcasting
 21046 | Lair:3   | Found a frozen archway.
 21105 | IceCv    | Entered an ice cave
 21443 | IceCv    | HP: 3/72 [ice statue/freezing blast (18)]
 22127 | Lair:3   | Noticed Prince Ribbit
 22129 | Lair:3   | Killed Prince Ribbit
 22993 | Lair:4   | Got a fading long sword
 22994 | Lair:4   | Identified the +2 long sword "Transmigrator" {vorpal, MP+9
                  | Int+2} (You found it on level 4 of the Lair of Beasts)
 23127 | Lair:4   | Noticed Rupert
 23132 | Lair:4   | Paralysed by Rupert for 4 turns
 23137 | Lair:4   | Killed Rupert
 23137 | Lair:4   | Reached skill level 19 in Spellcasting
 23137 | Lair:4   | Reached XP level 14. HP: 78/78 MP: 22/39
 23287 | Lair:4   | Offered knowledge of Starburst by Vehumet.
 23296 | Lair:4   | Learned a level 6 spell: Starburst
 23614 | Lair:4   | Found a hole to the Spider Nest.
 23855 | Lair:4   | Found a staircase to the Shoals.
 25269 | Lair:5   | Offered knowledge of Bolt of Magma by Vehumet.
 25278 | Lair:5   | Learned a level 5 spell: Bolt of Magma
 25897 | Lair:6   | Entered Level 6 of the Lair of Beasts
 25904 | Lair:6   | Noticed Kirke
 25947 | Lair:6   | Reached skill level 20 in Spellcasting
 25949 | Lair:6   | Reached skill level 1 in Earth Magic
 26139 | Lair:5   | Killed Kirke
 26474 | Lair:6   | Reached XP level 15. HP: 84/84 MP: 36/41
 27351 | Lair:6   | Offered knowledge of Irradiate by Vehumet.
 27959 | Lair:6   | Found a staircase to the Slime Pits.
 28535 | D:14     | Reached skill level 21 in Spellcasting
 28869 | D:14     | Found a gate to the Vaults.
 28911 | D:14     | Reached ****** piety under Vehumet
 29603 | D:15     | Entered Level 15 of the Dungeon
 29630 | D:15     | Offered knowledge of Conjure Ball Lightning by Vehumet.
 30152 | D:15     | Found a sacrificial altar of Ru.
 30217 | D:15     | Found Fucioreo's Blood Bar.
 30572 | D:15     | Found a staircase to the Depths.
 30733 | D:15     | Found a bloodstained altar of Trog.
 30935 | D:15     | Reached XP level 16. HP: 92/92 MP: 43/43
 31099 | Orc:1    | Entered Level 1 of the Orcish Mines
 31356 | Orc:2    | Entered Level 2 of the Orcish Mines
 31358 | Orc:2    | Noticed Saint Roka
 31361 | Orc:2    | Noticed Nessos
 31502 | Shoals:1 | Entered Level 1 of the Shoals
 31505 | Shoals:1 | Noticed Louise
 31511 | Shoals:1 | Killed from afar by Louise

Illustrated notes

Levels and vault maps discovered:
D:1:      lightli_arrival_statuegarden, layout_basic, serial_forest,
          infiniplex_forest_pool, infiniplex_forest_lined_1,
          infiniplex_forest_split, infiniplex_forest_clump_medium,
          infiniplex_forest_lined_3_way, infiniplex_forest_diagonal
D:2:      layout_rooms
D:3:      layout_rooms, minitemple
D:4:      layout_basic, serial_shops, nicolae_shop_window_shopping,
          gup_ossuary_entry_pyramid, uniq_menkaure
D:5:      layout_basic, kennysheep_mini, first_ration, uniq_sigmund
D:6:      layout_cave_pools, kiku_gazebo_garden_becter, serial_park,
          serial_park_paths [serial_park_minivault_5x5_1], serial_park_avenue1,
          skrybe_limestone_x, uniq_crazy_yiuf_cottage
D:7:      layout_basic, kennysheep_mini_moat, minmay_temple_entry_wispy
D:8:      layout_cave_pods, serial_shops, nicolae_shop_stone, shop, shop_coins,
          shop_fountains, kennysheep_little_box, uniq_harold
D:9:      layout_loops_ring
D:10:     layout_roguey, lair_entry_dummy, serial_shops, shop, the_bakery
D:11:     minmay_the_grid_triangle_9x9_line_8_mashed
          [minmay_the_grid_triangle_9x9_cache,
          minmay_the_grid_triangle_9x9_windchime,
          minmay_the_grid_triangle_9x9_semitri,
          minmay_the_grid_triangle_9x9_negative_grid,
          minmay_the_grid_triangle_9x9_odd_lines,
          minmay_the_grid_triangle_9x9_fully_insulated_deathbox,
          minmay_the_grid_triangle_9x9_tough_junction,
          minmay_the_grid_triangle_9x9_prize_schism], layout_rooms, david_orc_3,
          gammafunk_ghost_abyssal_escape, item_on_display_a
D:12:     layout_loops_cross, uniq_josephine, uniq_urug
D:13:     layout_irregular_city
D:14:     layout_cross, erik_vaults_1, serial_bayou_pond_a
D:15:     grunt_enter_depths_magical_seal, layout_irregular_city, basic_altar,
          nicolae_ru_awakened_eye, guppyfry_shop_blood
Temple:   eino_wide_crystal_templ
Lair:1:   layout_roguey [special_room_bee], minmay_hedge_maze, minivault_25
Lair:2:   layout_hall_layers
Lair:3:   layout_cave_pods, portal_ice_cave_entry_ice_beasts,
          beast_lair_carwin_10, uniq_prince_ribbit2
Lair:4:   layout_gridlike, minmay_shoals_entry_hut,
          nicolae_spider_entry_non_spiders, wad_woods_03, uniq_rupert
Lair:5:   layout_loops_ring, grunt_forest_large_clearings
Lair:6:   hangedman_lair_in_review, layout_loops_ring, guppyfry_lair_end_dragon,
          minmay_slime_entry_pillars, st_stairs_4, uniq_kirke
Shoals:1: layout_shoals, uniq_louise
Orc:1:    layout_caves
Orc:2:    grunt_orc_tribal_feast, layout_caves, ebering_ghost_xom, uniq_nessos,
          uniq_saint_roka, uniq_donald

Skill      XL: |  1  2  3  4  5  6  7  8  9 10 11 12 13 14 15 16 |
---------------+-------------------------------------------------+-----
Spellcasting   | 5 6 7 9 10 12 13 15 17 19 20 21 | 21.9
Fighting       | 1 2 3 4 5 7 |  7.5
Armour         | 1 3 4 6 7 |  7.0
Conjurations   | 2 3 4 5 7 8 9 10 12 13 14 | 14.0
Fire Magic     | 1 3 5 7 8 10 11 12 13 | 13.4
Dodging        | 3 |  3.0
Air Magic      | 1 |  1.3
Shields        | 1 2 3 4 |  4.0
Poison Magic   | 1 |  1.0
Stealth        | 3 4 |  4.0
Evocations     | 1 2 |  2.0
Ice Magic      | 1 |  1.0
Earth Magic    | 2 |  2.0
Summonings     | |  1.1
Translocations | |  1.1

Action                   |  1- 3 |  4- 6 |  7- 9 | 10-12 | 13-15 | 16-18 || total
-------------------------+-------+-------+-------+-------+-------+-------++-------
Melee: Dagger            |    15 |    11 |       |    32 |       |       ||    58
       Falchion          |       |     4 |    28 |    73 |       |       ||   105
       War axe           |       |       |       |     9 |       |       ||     9
       Demon trident     |       |       |       |   119 |     9 |       ||   128
       Long sword        |       |       |       |       |    33 |       ||    33
       Staff             |       |       |       |       |    15 |       ||    15
 Cast: Magic Dart        |    99 |   110 |   301 |   100 |     5 |       ||   615
       Conjure Flame     |     1 |     2 |    21 |    73 |     3 |       ||   100
       Mephitic Cloud    |     1 |     3 |    11 |    63 |     3 |       ||    81
       Call Imp          |       |     2 |     6 |    22 |     1 |       ||    31
       Blink             |       |       |     1 |     5 |     8 |       ||    14
       Shock             |       |       |    28 |   354 |    14 |       ||   396
       Fireball          |       |       |       |    18 |   476 |    17 ||   511
       Starburst         |       |       |       |       |     5 |       ||     5
       Freezing Cloud    |       |       |       |       |     2 |       ||     2
       Bolt of Magma     |       |       |       |       |     9 |       ||     9
Evoke: Wand              |       |       |       |    16 |       |       ||    16
  Use: Scroll            |       |       |       |    14 |     6 |       ||    20
 Stab: Confused          |       |       |     5 |    15 |       |       ||    20
  Eat: Chunk             |     3 |     7 |    12 |    26 |    32 |     3 ||    83
       Ration            |       |       |     1 |     1 |     1 |       ||     3
Armor: Leather armour    |    14 |    13 |    37 |    82 |       |       ||   146
       Troll leather arm |       |       |       |    15 |    31 |     4 ||    50
Dodge: Dodged            |    31 |    22 |    53 |   126 |    47 |     2 ||   281
Block: Buckler           |       |       |    19 |    81 |    14 |     1 ||   115
       Rpst.: Falchion   |       |     4 |    16 |     9 |       |       ||    29
       Long sword        |       |       |       |       |     4 |       ||     4
